[ AOE2 MATCH · #495842276 ]
UnrankedHindustanis vs Magyars
Player's team · LOSS
Rival team · WIN
[ REPLAY ANALYSIS · EXTRACTED FROM THE RECORDED GAME ]
Feudal
9:16
Castle
—
Imperial
—
| APM avg | 60.4 |
| APM peak | 116 |
| eAPM avg | 19.6 |
| Villagers / military | 23 / 1 |
Focus
⚔️ 35.5% · 🌾 64.5%
Spearman ×1
Feudal
8:58
Castle
—
Imperial
—
| APM avg | 50.1 |
| APM peak | 85 |
| eAPM avg | 13.0 |
| Villagers / military | 24 / 3 |
Focus
⚔️ 15.5% · 🌾 84.5%
Scout Cavalry ×3
Match map
Initial resources + every placement click. Lines = walls · curves = elevation contours. ◆ gold · ⬟ stone · ● berries · ✦ relic · ◌ wall gap
Your base
CoreLock's base
Smoothed initial terrain · ◌ = detected wall gap · hover for details
Inputs per minute
— DS_Tortafuller - - CoreLock
Build order — DS_Tortafuller
43 actions detected in the replay
| 0:01 | Queue | Villager (Male) |
| 0:01 | Queue | Villager (Male) |
| 0:02 | Queue | Villager (Male) |
| 0:02 | Build | House |
| 0:04 | Build | House |
| 0:32 | Queue | Villager (Male) |
| 1:04 | Queue | Villager (Male) |
| 1:33 | Queue | Villager (Male) |
| 1:33 | Queue | Villager (Male) |
| 1:53 | Build | Lumber Camp |
| 2:04 | Queue | Villager (Male) |
| 2:36 | Queue | Villager (Male) |
| 3:08 | Queue | Villager (Male) |
| 3:10 | Queue | Villager (Male) |
| 3:33 | Queue | Villager (Male) |
| 3:34 | Queue | Villager (Male) |
| 3:47 | Build | House |
| 4:21 | Build | Mill |
| 4:38 | Queue | Villager (Male) |
| 4:38 | Queue | Villager (Male) |
| 4:38 | Queue | Villager (Male) |
| 5:10 | Queue | Villager (Male) |
| 5:37 | Queue | Villager (Male) |
| 5:52 | Queue | Villager (Male) |
| 5:57 | Research | Loom |
| 6:58 | Research | Feudal Age |
| 7:37 | Build | Mill |
| 7:49 | Queue | Villager (Male) |
| 7:57 | Build | House |
| 8:01 | Build | Palisade Wall |
| 8:15 | Build | Palisade Wall |
| 9:09 | Build | Barracks |
| 9:16 | Age | Feudal Age |
| 9:16 | Build | Palisade Wall |
| 9:28 | Queue | Villager (Male) |
| 9:37 | Build | Palisade Wall |
| 9:39 | Build | Palisade Wall |
| 9:42 | Queue | Villager (Male) |
| 9:46 | Research | Double-Bit Axe |
| 9:50 | Build | House |
| 10:07 | Queue | Villager (Male) |
| 10:09 | Research | Horse Collar |
| 10:13 | Queue | Spearman |
Build order — CoreLock
47 actions detected in the replay
| 0:01 | Queue | Villager (Male) |
| 0:02 | Build | House |
| 0:03 | Build | House |
| 0:04 | Queue | Villager (Male) |
| 0:11 | Queue | Villager (Male) |
| 0:15 | Queue | Villager (Male) |
| 1:41 | Queue | Villager (Male) |
| 1:41 | Queue | Villager (Male) |
| 1:59 | Queue | Villager (Male) |
| 2:00 | Queue | Villager (Male) |
| 2:06 | Build | Lumber Camp |
| 2:27 | Queue | Villager (Male) |
| 2:27 | Queue | Villager (Male) |
| 2:52 | Queue | Villager (Male) |
| 2:53 | Queue | Villager (Male) |
| 2:58 | Queue | Villager (Male) |
| 2:58 | Queue | Villager (Male) |
| 3:05 | Build | House |
| 3:31 | Queue | Villager (Male) |
| 3:36 | Queue | Villager (Male) |
| 3:36 | Queue | Villager (Male) |
| 4:31 | Queue | Villager (Male) |
| 4:31 | Queue | Villager (Male) |
| 4:43 | Build | Mill |
| 5:09 | Queue | Villager (Male) |
| 5:43 | Queue | Villager (Male) |
| 6:12 | Research | Loom |
| 6:48 | Research | Feudal Age |
| 6:48 | Research | Feudal Age |
| 7:02 | Build | House |
| 7:05 | Build | House |
| 7:50 | Build | Mill |
| 8:00 | Build | Barracks |
| 8:58 | Age | Feudal Age |
| 9:05 | Build | Stable |
| 9:06 | Queue | Villager (Male) |
| 9:13 | Queue | Villager (Male) |
| 9:15 | Research | Double-Bit Axe |
| 9:15 | Research | Double-Bit Axe |
| 9:40 | Build | House |
| 9:41 | Queue | Villager (Male) |
| 9:47 | Queue | Scout Cavalry |
| 10:02 | Build | Farm |
| 10:02 | Build | Farm |
| 10:03 | Build | Farm |
| 10:04 | Queue | Scout Cavalry |
| 10:33 | Queue | Scout Cavalry |
Match timeline
| 8:00 | CoreLock · first_building Barracks |
| 8:01 | DS_Tortafuller · wall_segment Palisade Wall x1 |
| 8:15 | DS_Tortafuller · wall_segment Palisade Wall x7 |
| 8:58 | CoreLock · age_up feudal |
| 9:05 | CoreLock · first_building Stable |
| 9:09 | DS_Tortafuller · first_building Barracks |
| 9:16 | DS_Tortafuller · age_up feudal |
| 9:16 | DS_Tortafuller · wall_segment Palisade Wall x1 |
| 9:37 | DS_Tortafuller · wall_segment Palisade Wall x1 |
| 9:39 | DS_Tortafuller · wall_segment Palisade Wall x1 |
| 10:35 | DS_Tortafuller · resign |
[ AI ANALYSIS · 1 CREDIT ]
What really happened in this match?
Wolo.gg analyzes every decision: build order, eco, micro, common mistakes by bracket. Personalized analysis on WhatsApp or Discord in 30 seconds.
Civ guide
Hindustanis
Perfil
Jugador #5540767